 Dungeon Crawl Stone Soup version 0.23-a0-577-g2b1de94 (webtiles) character file.

3974 Amnesiac the Skirmisher (level 10, -3/69 HPs)
             Began as an Octopode Transmuter on Dec 15, 2018.
             Was an Initiate of Gozag.
             Slain by a hornet (17 damage)
             ... while paralysed by a hornet
             ... on level 9 of the Dungeon.
             The game lasted 00:24:38 (10627 turns).

Amnesiac the Skirmisher (Octopode Transmuter)      Turns: 10627, Time: 00:24:38

Health: -3/69      AC:  1    Str: 10      XL:     10   Next: 22%
Magic:  15/19      EV:  2    Int: 15      God:    Gozag
Gold:   1184       SH:  0    Dex: 15 (16) Spells: 7/21 levels left

rFire    . . .     SeeInvis .     - Unarmed
rCold    . . .     Gourm    .   (shield currently unavailable)
rNeg     . . .     Faith    .   (helmet restricted)
rPois    .         Spirit   .   v - amulet of the acrobat
rElec    .         Reflect  .   (no ring)
rCorr    .         Harm     .   (no ring)
MR       .....                  (no ring)
Stlth    ++........             (no ring)
HPRegen  0.21/turn              (no ring)
MPRegen  0.16/turn              (no ring)
                                (no ring)
                                (no ring)

@: paralysed, blade tentacles, slowed
A: almost no armour, stealthy swim, amphibious, 8 rings, constrict 8, camouflage
1, gelatinous body 1
a: End Transformation, Potion Petition, Call Merchant, Bribe Branch, Renounce
Religion


You were on level 9 of the Dungeon.
You worshipped Gozag.
Gozag was most pleased with you.
You were near starving.
You had blades for tentacles.
You visited 1 branch of the dungeon, and saw 10 of its levels.
You also visited: Ossuary.

You collected 1801 gold pieces.
You spent 65 gold pieces at shops.
You paid 552 gold pieces to Gozag.

Inventory:

Missiles
 a - 147 arrows
 k - a throwing net (quivered)
Magical Staves
 l - an uncursed staff of air
 r - an uncursed staff of poison
Jewellery
 b - an uncursed ring of ice
 v - an amulet of the acrobat (around mantle)
Wands
 g - a wand of polymorph (5)
 n - a wand of paralysis (18)
 w - a wand of disintegration (15)
Scrolls
 c - 2 scrolls of fear {!r}
 d - 4 scrolls of teleportation {!r}
 f - a scroll of identify {!r}
 i - 9 scrolls of remove curse {!r}
 p - 4 scrolls of enchant armour {!r}
 q - 3 scrolls of blinking {!r}
 s - 2 scrolls of fog {!r}
Potions
 e - 2 potions of curing {!q}
 h - 3 potions of mutation {!q}
 j - a potion of resistance {!q}
 m - 2 potions of cancellation {!q}
 t - 2 potions of magic {!q}
 u - 2 potions of ambrosia {!q, unknown}
 x - 2 potions of flight {!q, unknown}


   Skills:
 + Level 6.8 Fighting
 + Level 6.7 Dodging
 + Level 6.8 Unarmed Combat
 + Level 6.2 Spellcasting
 + Level 6.8 Transmutations


You had 7 spell levels left.
You knew the following spells:

 Your Spells              Type           Power        Failure   Level  Hunger
a - Spider Form           Tmut/Pois      ##........   47%         3    ##.....
b - Sticks to Snakes      Tmut           ####....     17%         2    #......
c - Ice Form              Ice/Tmut       ##......     77%         4    ####...
e - Blade Hands           Tmut           ####......   67%         5    ######.

Your spell library contained the following spells:

 Spells                   Type           Power        Failure   Level  Hunger
 Beastly Appendage        Tmut           ####..       14%         1    None


Dungeon Overview and Level Annotations

Branches:
Dungeon (10/15)            Temple (0/1) D:5
   Lair: D:8-11         Orc: D:9-12

Altars:
Cheibriados
Gozag
Makhleb
Qazlal
Yredelemnul
The Shining One

Shops:
D:9 %

Annotations:
D:7 exclusion: hungry ghost, Harold


Innate Abilities, Weirdness & Mutations

You cannot wear most types of armour.
You are very stealthy in the water. (Stealth+)
You are amphibious.
You can wear up to eight rings at the same time.
You can use your tentacles to constrict eight enemies at once.
Your skin changes colour to match your surroundings (Stealth+).
Your rubbery body absorbs attacks. (AC +1, EV +1)


Message History

The quasit closely misses you.
You bludgeon the quasit!
The quasit is almost dead.
You constrict the quasit. The quasit bites you.
You feel clumsy. The quasit completely misses you.
The quasit barely misses you.
You bludgeon the quasit!
You kill the quasit!
You now have 1184 gold pieces (gained 6).
You are near starving!
A hornet comes into view.
A hornet is nearby!
The hornet buzzes angrily.
Casting: Blade Hands (quite dangerous; 24% risk of failure)
Confirm with . or Enter, or press ? or * to list all spells.
Your tentacles turn into razor-sharp scythe blades.
The hornet stings you.
You are poisoned.
You suddenly lose the ability to move!
The hornet stings you!
You are more poisoned.
You feel yourself slow down.
You feel sick. The hornet stings you!
You feel as though you will be slow longer.
You feel sick. The hornet stings you.
You feel as though you will be slow longer.
The hornet stings you!
* * * LOW HITPOINT WARNING * * *
You are lethally poisoned!
You feel as though you will be slow longer.
You can move again.
Unknown command.
Unknown command.
Unknown command.
You hit the hornet. You squeeze the hornet!
The hornet is moderately wounded.
* * * LOW HITPOINT WARNING * * *
You feel very sick. The hornet misses you. The hornet completely misses you.
Really quaff
e - 3 potions of curing {!q}?
You feel better. The hornet closely misses you. The hornet stings you.
* * * LOW HITPOINT WARNING * * *
You feel as though you will be slow longer.
You barely miss the hornet. You squeeze the hornet.
The hornet is moderately wounded.
The hornet stings you!
* * * LOW HITPOINT WARNING * * *
You feel as though you will be slow longer.
The hornet misses you.
Really quaff
o - a potion of heal wounds {!q}?
You feel much better. The hornet barely misses you. The hornet misses you.
You hit the hornet but do no damage. You grab the hornet.
The hornet is moderately wounded.
You constrict the hornet. The hornet barely misses you. The hornet stings you!
* * * LOW HITPOINT WARNING * * *
You feel as though you will be slow longer.
You hit the hornet.
The hornet is heavily wounded.
You constrict the hornet, but do no damage.
The hornet completely misses you. The hornet stings you!
* * * LOW HITPOINT WARNING * * *
You suddenly lose the ability to move!
You lose your grip on the hornet.
The hornet stings you!
You die...
Your body crumbles into a pile of gold.

#.............
#.#.###.#####.
#.#(###.#####.
#.#.#.........
#.....#.#####.
.#.....#.# #.
###.#.....#.#
##
#.y.#.....#.#
..
#.##########@#
#....##.. ....
#.....>....#.#
#.####### ....
##########.#.#
#)# .... #.#.#
#.## .. #.#.#
#))# .. #.#.#
##)# ..
#.#.####.# ..
#.#....#.#
##.####.#<#


You could see a hornet.

Vanquished Creatures
  Prince Ribbit (D:5)
  A hippogriff (D:8)
  A wyvern (D:10)
  Edmund (D:5)
  Duvessa (D:6)
  2 orc warriors (D:8)
  An ice beast (D:8)
  4 ogres
  A phantom (D:8)
  A sky beast (D:9)
  A necrophage (D:8)
  An elf zombie (Ossuary)
  Dowan (D:6)
  3 bullfrogs
  A water moccasin zombie (D:6)
  A wyvern skeleton (D:6)
  2 scorpions
  A water moccasin skeleton (D:7)
  5 wights (D:10)
  2 howler monkeys
  A bullfrog zombie (D:9)
  4 crimson imps
  A quasit (D:9)
  A hound (D:9)
  A human zombie (Ossuary)
  3 jellies
  4 orc priests
  7 orc wizards
  2 centaur skeletons
  Crazy Yiuf (D:4)
  An iguana (D:5)
  Natasha (thrice) (D:4)
  3 worker ants
  3 big kobold zombies (Ossuary)
  2 mummies (Ossuary)
  A hound zombie (D:8)
  2 hound skeletons
  A worker ant zombie (D:5)
  6 gnolls
  2 howler monkey skeletons
  12 adders
  3 shadow imps
  An adder zombie (Ossuary)
  4 adder skeletons
  5 worms
  4 dart slugs
  6 leopard geckos
  28 orcs
  3 ball pythons
  2 giant cockroaches
  8 goblins
  9 hobgoblins
  2 jackals (D:3)
  2 quokkas (D:5)
  15 bats
  2 frilled lizards
  2 goblin zombies (Ossuary)
  5 hobgoblin zombies (Ossuary)
  2 jackal zombies (Ossuary)
  6 kobolds
  6 kobold zombies (Ossuary)
  16 orc zombies (Ossuary)
  A quokka skeleton (D:6)
  4 rats
229 creatures vanquished.

Vanquished Creatures (collateral kills)
  Blork the orc (D:5)
  A jelly (D:5)
  2 iguanas
4 creatures vanquished.

Grand Total: 233 creatures vanquished

Notes
Turn   | Place    | Note
-------+----------+-------------------------------------------
     0 | D:1      | Amnesiac the Octopode Transmuter began the quest for the
                  | Orb.
     0 | D:1      | Reached XP level 1. HP: 13/13 MP: 3/3
   128 | D:1      | Reached XP level 2. HP: 18/18 MP: 5/5
   140 | D:1      | Learned a level 2 spell: Sticks to Snakes
   360 | D:4      | Noticed Natasha
   372 | D:4      | Reached XP level 3. HP: 8/23 MP: 0/6
   581 | D:4      | Learned a level 3 spell: Spider Form
   590 | D:4      | Killed Natasha
   820 | D:4      | Reached XP level 4. HP: 28/28 MP: 7/7
   878 | D:4      | Found an opulent altar of Gozag.
   883 | D:4      | Became a worshipper of Gozag Ym Sagoz the Greedy
  1960 | D:2      | Reached XP level 5. HP: 32/33 MP: 8/8
  2596 | D:3      | Found a basalt altar of Yredelemnul.
  2633 | D:3      | Found a stormy altar of Qazlal.
  3427 | D:3      | Reached XP level 6. HP: 25/39 MP: 9/9
  4124 | D:4      | Noticed Natasha
  4133 | D:4      | Killed Natasha
  4292 | D:4      | Found a runed door.
  4528 | D:4      | Noticed Natasha
  4536 | D:4      | Killed Natasha
  4591 | D:4      | Noticed Crazy Yiuf
  4640 | D:4      | Killed Crazy Yiuf
  4726 | D:4      | Reached XP level 7. HP: 20/47 MP: 5/11
  4933 | D:5      | Entered Level 5 of the Dungeon
  5140 | D:5      | Noticed Blork the orc
  5211 | D:5      | Noticed Edmund
  5281 | D:5      | Killed Edmund
  5564 | D:5      | Killed Blork the orc
  5688 | D:5      | Found a staircase to the Ecumenical Temple.
  5790 | D:5      | Reached XP level 8. HP: 32/54 MP: 12/14
  5966 | D:5      | Noticed a troll
  6726 | D:5      | Noticed Prince Ribbit
  6744 | D:5      | Killed Prince Ribbit
  7198 | D:6      | Noticed Dowan
  7229 | D:6      | Reached skill level 5 in Fighting
  7370 | D:6      | Reached skill level 5 in Dodging
  7370 | D:6      | Reached skill level 5 in Unarmed Combat
  7370 | D:6      | Reached skill level 5 in Transmutations
  7419 | D:6      | Noticed Duvessa
  7508 | D:6      | Found a sand-covered staircase.
  7533 | Ossuary  | Entered an ossuary
  7824 | Ossuary  | Reached XP level 9. HP: 54/61 MP: 16/16
  8026 | D:6      | Reached skill level 5 in Spellcasting
  8247 | D:6      | Killed Duvessa
  8256 | D:6      | Killed Dowan
  8428 | D:6      | Found a snail-covered altar of Cheibriados.
  8663 | D:5      | You fall through a shaft for 3 floors!
  8663 | D:8      | Found a burning altar of Makhleb.
  8664 | D:8      | Found a glowing golden altar of the Shining One.
  9463 | D:7      | Noticed Harold
  9545 | D:7      | Learned a level 5 spell: Blade Hands
  9550 | D:7      | Learned a level 4 spell: Ice Form
  9643 | D:7      | Found a basalt altar of Yredelemnul.
  9874 | D:8      | Reached XP level 10. HP: 44/69 MP: 18/18
 10198 | D:9      | Paralysed by fainting for 11 turns
 10211 | D:9      | Bought a ration for 65 gold pieces
 10257 | D:10     | Entered Level 10 of the Dungeon
 10619 | D:9      | Paralysed by a hornet for 3 turns
 10627 | D:9      | Paralysed by a hornet for 1 turns
 10627 | D:9      | Slain by a hornet

Vault maps used:
D:1:      lightli_arrival_noodles
D:2:      first_ration, kennysheep_generic_room_6
D:3:      grunt_qazlal_clouds, yredelemnul_altar_generic
D:4:      kennysheep_big_flooded_room, kennysheep_little_box,
          serial_column_ruins, column_ruins_square_small, column_ruins_hut,
          column_ruins_grid_3, column_ruins_open_tiny,
          column_ruins_columns_dead_end, column_ruins_open_tiny,
          column_ruins_columns_dead_end, uniq_crazy_yiuf_cottage, uniq_natasha
D:5:      minmay_temple_entry_from_below_b, saegor_snake_ambush, uniq_edmund,
          uniq_blork_the_orc, uniq_prince_ribbit1
D:6:      enter_ossuary_1, cheibrodos_worm_habitat, uniq_duvessa
D:7:      basic_altar, uniq_pikel, uniq_harold
D:8:      gammafunk_temple_overflow_pools
D:9:      erik_lair_dragon, david_nohive_1
D:10:     nicolae_dithmenos_the_darkroom
Ossuary:  ossuary_tomb_1

Skill      XL: |  1  2  3  4  5  6  7  8  9 10 |
---------------+-------------------------------+-----
Dodging        | 3 4 5 6 |  6.7
Transmutations | 3 4 5 6 |  6.8
Fighting       | 2 3 4 5 6 |  6.8
Unarmed Combat | 4 5 6 |  6.8
Spellcasting   | 3 4 5 6 |  6.2

Action                   |  1- 3 |  4- 6 |  7- 9 | 10-12 || total
-------------------------+-------+-------+-------+-------++-------
Melee: Unarmed           |    31 |   191 |   439 |    65 ||   726
       Tentacles         |     8 |    32 |    66 |    12 ||   118
       Constrict         |     8 |    43 |    81 |    10 ||   142
       Punch             |       |     1 |    12 |     4 ||    17
 Cast: Sticks to Snakes  |     4 |       |    23 |       ||    27
       Spider Form       |     1 |     9 |    20 |     1 ||    31
       Blade Hands       |       |       |       |     4 ||     4
Invok: Potion Petition   |       |     1 |       |       ||     1
       Call Merchant     |       |       |       |     1 ||     1
  Use: Scroll            |       |    10 |    10 |       ||    20
       Potion            |       |     3 |     1 |     2 ||     6
 Stab: Sleeping          |     3 |    12 |     4 |     2 ||    21
       Distracted        |       |     1 |     5 |       ||     6
  Eat: Ration            |       |     4 |     5 |     1 ||    10
       Chunk             |       |     1 |       |       ||     1
Armor: Skin              |       |     5 |     8 |     2 ||    15
Dodge: Dodged            |    20 |   121 |   303 |    55 ||   499

Table legend:
 A = Non-vault XP
 B = Vault XP
 C = Vault XP percentage of total XP
 D = Non-vault monster count
 E = Vault monster count
 F = Vault count percentage of total count
                 A         B        C        D         E       F
            +---------+---------+-------+---------+---------+-------
      Total |    4414 |    1264 |  22.3 |     181 |      52 |  22.3
            +---------+---------+-------+---------+---------+-------
        D:1 |      44 |       0 |   0.0 |      23 |       0 |   0.0
        D:2 |      84 |       1 |   1.2 |      20 |       1 |   4.8
        D:3 |     118 |       0 |   0.0 |      24 |       0 |   0.0
        D:4 |     292 |     196 |  40.2 |      16 |       4 |  20.0
        D:5 |     703 |     546 |  43.7 |      29 |       5 |  14.7
        D:6 |     586 |     228 |  28.0 |      20 |       3 |  13.0
        D:7 |     306 |       0 |   0.0 |       8 |       0 |   0.0
        D:8 |    1257 |       0 |   0.0 |      22 |       0 |   0.0
        D:9 |     508 |       0 |   0.0 |      12 |       0 |   0.0
       D:10 |     516 |       0 |   0.0 |       7 |       0 |   0.0
    Ossuary |       0 |     293 | 100.0 |       0 |      39 | 100.0
            +---------+---------+-------+---------+---------+-------
